 Dungeon Crawl Stone Soup version 0.31-a0-986-g5e6e4ef867 (webtiles) character file.

Game seed: 5473355244668674721

187 Firecrotchwizard the Insei (level 5, -3/61 HPs)
             Began as a Merfolk Shapeshifter on Nov 4, 2023.
             Was an Initiate of Okawaru.
             Slain by a gnoll
             ... wielding a +0 spear
             ... led by a gnoll bouda
              (6 damage)
             ... on level 4 of the Dungeon.
             The game lasted 00:06:42 (3484 turns).

Firecrotchwizard the Insei (Merfolk Shapeshifter)   Turns: 3484, Time: 00:06:42

Health: -3/61      AC: 22    Str: 14    XL:     5   Next: 66%
Magic:  5/5        EV:  2    Int:  9    God:    Okawaru [......]
Gold:   168        SH:  0    Dex: 16    Spells: 4/4 levels left

rFire   . . .        k - +1 whip (venom)
rCold   . . .        (no shield)
rNeg    . . .        l - melded +0 ring mail
rPois   +            (helmet currently unavailable)
rElec   .            (cloak currently unavailable)
rCorr   .            (gloves currently unavailable)
SInv    .            (boots currently unavailable)
Will    .....        (no amulet)
Stlth   +            (no ring)
HPRegen 0.30/turn    (no ring)
MPRegen 0.09/turn

%: no passive effects
@: tree-form, weakened
A: stationary, stasis, torment immunity, boosted hp, (nimble swimmer 2),
(mertail)
a: Renounce Religion


You were on level 4 of the Dungeon.
You worshipped Okawaru.
Okawaru was noncommittal.
You were a tree.
You visited 1 branch of the dungeon, and saw 4 of its levels.

You collected 168 gold pieces.

Inventory:

Hand Weapons
 k - a +1 whip of venom (weapon)
 v - the +3 trident "Oleocoox" {holy, rCorr}
   (You found it on level 4 of the Dungeon)

   rCorr:     It protects you from acid and corrosion.
Armour
 a - a +0 animal skin
 l - a +0 ring mail (melded)
Jewellery
 p - a ring of protection from fire
 u - an amulet of guardian spirit
Talismans
 c - a beast talisman
 d - a flux talisman
Wands
 m - a wand of roots (10)
Scrolls
 e - 3 scrolls of poison {unknown}
 f - 3 scrolls of enchant armour {unknown}
 g - a scroll of teleportation {unknown}
 h - a scroll of revelation {unknown}
 j - a scroll of fog {unknown}
 o - 2 scrolls of amnesia {unknown}
 r - 2 scrolls of identify {unknown}
 s - a scroll of silence {unknown}
 t - 3 scrolls of enchant weapon {unknown}
Potions
 b - a potion of lignification
 i - a potion of enlightenment {unknown}
 n - a potion of invisibility {unknown}
 q - a potion of attraction {unknown}


   Skills:
 + Level 3.0 Fighting
 - Level 2.9 Dodging
 * Level 5.2 Unarmed Combat
 + Level 5.1 Shapeshifting


You had 4 spell levels left.
You didn't know any spells.
Your spell library contained the following spells:

 Spells                   Type           Power      Damage    Failure   Level
 Olgreb's Toxic Radiance  Pois           0%         N/A       99%         4
 Discord                  Hex            0%         N/A       100%        8
 Ignition                 Fire           0%         3d3       100%        8


Dungeon Overview and Level Annotations

Branches:
Dungeon (4/15)
 Temple: D:4-7

Altars:
Okawaru
Qazlal


Innate Abilities, Weirdness & Mutations

You are a tree.
Your roots penetrate the ground, keeping you stationary.
You cannot be teleported.
You are immune to unholy pain and torment.
Your maximum health is greatly increased.
Your equipment is partially melded.
((You are very nimble when in or above water. (Stealth+, EV+, Speed+++)))
((Your lower body shifts to a powerful aquatic tail in water.))


Message History

You closely miss the gnoll. Your punch misses the gnoll.
The gnoll hits you with a +0 spear.
You hit the gnoll.
The gnoll is moderately wounded.
A gnoll bouda comes into view. It is wielding a +0 club.
The gnoll completely misses you. The gnoll closely misses you.
The gnoll bouda shouts!
You whack the gnoll!
The gnoll is poisoned.
The gnoll is severely wounded.
The gnoll closely misses you. The gnoll hits you but does no damage.
You barely miss the gnoll.
The gnoll is severely wounded.
The gnoll closely misses you. The gnoll hits you but does no damage.
You hit the gnoll.
You kill the gnoll!
Okawaru accepts your kill.
A gnoll comes into view. It is wielding a +0 spear.
The gnoll hits you from afar with a +0 spear.
Your Unarmed Combat skill increases to level 5!
An adder comes into view.
The gnoll shouts!
The adder hisses angrily.
The gnoll bouda barks out a call to the hunt!
The gnolls pick up the pace!
A gnoll comes into view. It is wielding a +0 whip.
The gnoll closely misses you.
You whack the gnoll!
The gnoll is poisoned.
The gnoll is severely wounded.
The gnoll barely misses you.
You hit the gnoll.
You kill the gnoll!
Okawaru accepts your kill.
The gnoll hits you from afar with a +0 spear!
* * * LOW HITPOINT WARNING * * *
The gnoll bouda gazes fiercely through you!
You feel your attacks grow feeble.
The gnoll bouda hits you with a +0 club.
* * * LOW HITPOINT WARNING * * *
Your transformation has ended.
You turn into a tree.
Your +0 ring mail melds into your body.
Your roots penetrate the ground.
The gnoll hits you but does no damage. The gnoll bouda barely misses you.
You hit the gnoll bouda.
The gnoll bouda is poisoned.
The gnoll bouda is lightly wounded.
The adder bites you but does no damage.
The gnoll hits you from afar with a +0 spear.
* * * LOW HITPOINT WARNING * * *
The gnoll bouda hits you but does no damage.
A worm comes into view.
You hit the gnoll bouda.
The gnoll bouda looks as sick as possible!
The gnoll bouda is moderately wounded.
The adder bites you but does no damage. The gnoll hits you but does no damage.
The adder completely misses you.
You hit the gnoll bouda but do no damage.
The gnoll bouda looks as sick as possible!
The gnoll bouda is heavily wounded.
Your attacks no longer feel as feeble.
The gnoll hits you but does no damage. x2
The adder bites you but does no damage. The gnoll bouda completely misses you.
You closely miss the gnoll bouda. Your punch misses the gnoll bouda.
The gnoll bouda is severely wounded.
The adder bites you but does no damage. The gnoll hits you with a +0 whip.
* * * LOW HITPOINT WARNING * * *
The gnoll hits you but does no damage.
The gnoll bouda hits you but does no damage.
You barely miss the gnoll bouda.
The gnoll bouda is almost dead.
The adder bites you but does no damage. The gnoll hits you but does no damage.
The gnoll hits you from afar with a +0 spear.
* * * LOW HITPOINT WARNING * * *
The gnoll bouda gazes fiercely through you!
You feel your attacks grow feeble.
The gnoll bouda hits you with a +0 club.
* * * LOW HITPOINT WARNING * * *
The adder bites you but does no damage.
You hit the gnoll.
The gnoll is poisoned.
The gnoll is lightly wounded.
You kill the gnoll bouda!
Okawaru accepts your kill. The gnoll hits you but does no damage.
The adder bites you but does no damage. The gnoll hits you but does no damage.
The gnoll hits you with a +0 whip.
* * * LOW HITPOINT WARNING * * *
Your Fighting skill increases to level 3!
You barely miss the gnoll.
The gnoll is moderately wounded.
The adder bites you but does no damage. The gnoll hits you but does no damage.
The adder bites you.
* * * LOW HITPOINT WARNING * * *
The gnoll hits you but does no damage.
You barely miss the gnoll.
The gnoll is moderately wounded.
The gnoll is no longer moving quickly.
The gnoll hits you but does no damage. The adder bites you but does no damage.
The gnoll hits you but does no damage. x2
Unknown command.
You hit the gnoll but do no damage.
The gnoll looks as sick as possible!
The gnoll is moderately wounded.
The adder bites you but does no damage. The worm barely misses you.
The gnoll completely misses you.
The gnoll hits you from afar with a +0 spear.
You die...

##.. ####... #.....#
##.....# #......# .# #
##.....###..# .###
##...#gS...... ....
#.....♣wg..... ....
##....).#...###........
##....### .# .........
#....##...###.......#
##..####..##........##
#..## #.#.##...#.....
##..####.#......#.....
#....................
####..................


You could see a worm, 2 gnolls and an adder.

Vanquished Creatures
  A gnoll bouda (D:4)
  5 gnolls
  3 adders
  2 worms (D:3)
  9 endoplasms
  4 giant cockroaches
  7 goblins
  12 hobgoblins
  4 jackals (D:1)
  A quokka (D:1)
  13 ball pythons
  3 bats
  5 frilled lizards
  A kobold (D:1)
  7 rats
77 creatures vanquished.

Notes
Turn   | Place    | Note
-------+----------+-------------------------------------------
     0 | D:1      | Firecrotchwizard the Merfolk Shapeshifter began the quest
                  | for the Orb.
     0 | D:1      | Reached XP level 1. HP: 15/15 MP: 1/1
   195 | D:1      | Reached XP level 2. HP: 20/21 MP: 2/2
   488 | D:1      | Reached XP level 3. HP: 26/27 MP: 3/3
  1585 | D:2      | Reached XP level 4. HP: 33/33 MP: 4/4
  2114 | D:3      | Found an iron altar of Okawaru.
  2121 | D:3      | Became a worshipper of Warmaster Okawaru
  2232 | D:3      | Found a stormy altar of Qazlal.
  3243 | D:3      | Reached XP level 5. HP: 39/39 MP: 5/5
  3410 | D:4      | Reached skill level 5 in Shapeshifting
  3441 | D:4      | Identified the +3 trident "Oleocoox" {holy, rCorr}
  3472 | D:4      | Reached skill level 5 in Unarmed Combat
  3481 | D:4      | HP: 3/60 [gnoll/+0 whip[a gnoll bouda] (3)]
  3484 | D:4      | Slain by a gnoll

Illustrated notes

Levels and vault maps discovered:
D:1:      tekkud_arrival_beachfront_property, layout_loops_ring,
          nicolae_hexahallways
D:2:      layout_loops_corners
D:3:      cheibrodos_old_hovel, layout_basic, nicolae_qazlal_general_emergency,
          overflow_temple_1_default
D:4:      layout_cave_pools, minmay_temple_entry_trees, uniq_edmund

Skill      XL: |  1  2  3  4  5 |
---------------+----------------+-----
Unarmed Combat | 4 5 |  5.2
Fighting       | 2 3 |  3.0
Shapeshifting  | 5 |  5.1
Dodging        | |  2.9

Action                     |  1- 3 |  4- 6 || total
---------------------------+-------+-------++-------
  Melee: Unarmed           |    95 |       ||    95
         Punch             |     6 |     5 ||    11
         Whip              |    19 |    88 ||   107
    Use: Potion            |       |     1 ||     1
   Stab: Sleeping          |     2 |       ||     2
 Armour: Animal skin       |    32 |       ||    32
         Ring mail         |    11 |    46 ||    57
         Skin              |       |    32 ||    32
  Dodge: Dodged            |    75 |    62 ||   137

Table legend: (Time is in decaauts)
 A = Elapsed time spent in this place.
 B = Non-inter-level travel time spent in this place.
 C = Inter-level travel time spent in this place.
 D = Time resting spent in this place.
 E = Time spent auto-exploring this place.
 F = Levels seen in this place.
 G = Mean time per level.
                   A        B        C        D        E       F      G
               +--------+--------+--------+--------+--------+-----+--------+
         Total |   3472 |   3382 |     90 |    783 |   2091 |   4 |  868.0 |
       Dungeon |   3472 |   3382 |     90 |    783 |   2091 |   4 |  868.0 |
               +--------+--------+--------+--------+--------+-----+--------+

Top non-repeatable levels by time:
     D:3: 1396 daAuts
     D:1: 1018 daAuts
     D:2: 965 daAuts
     D:4: 93 daAuts
